 Dungeon Crawl Stone Soup version 0.26.1-2-gb8aa6d0cf2 (webtiles) character file.

Game seed: 9305757748994774844

427 azarias the Digger (level 6, -8/32 HPs)
             Began as a Gargoyle Earth Elementalist on Mar 16, 2021.
             Mangled by a mummy (11 damage)
             ... in an ossuary.
             The game lasted 00:06:45 (4865 turns).

azarias the Digger (Gargoyle Earth Elementalist)    Turns: 4865, Time: 00:06:46

Health: -8/32      AC:  7    Str:  9    XL:     6   Next: 97%
Magic:  1/12       EV: 12    Int: 20    God:
Gold:   179        SH:  0    Dex: 10    Spells: 12/13 levels left

rFire    + . .     SeeInvis .   i - +0 mace
rCold    + + +     Faith    .   (no shield)
rNeg     + . .     Spirit   .   c - +0 robe
rPois    ∞         Reflect  .   (no helmet)
rElec    +         Harm     .   a - +1 cloak
rCorr    +         Rampage  .   (no gloves)
Will     .....                  m - +2 pair of boots
Stlth    +++.......             (no amulet)
HPRegen  0.10/turn              g - -4 ring of protection (curse)
MPRegen  0.13/turn              r - ring of protection from cold

@: resistant
A: camouflage 1, clever 1, cold resistance 1, negative energy resistance 1,
electricity resistance, weak 1, unbreathing, petrification resistance, miasma
immunity, AC +4
a: no special abilities


You were in an ossuary.
You visited 1 branch of the dungeon, and saw 4 of its levels.
You also visited: Sewer and Ossuary.

You collected 179 gold pieces.

Inventory:

Hand Weapons
 i - a +0 mace (weapon)
Missiles
 b - 11 stones
Armour
 a - a +1 cloak (worn)
 c - a +0 robe (worn)
 m - a +2 pair of boots (worn)
Jewellery
 g - a cursed -4 ring of protection (left hand)
 r - a ring of protection from cold (right hand)
Scrolls
 d - 3 scrolls of remove curse {unknown}
 e - 2 scrolls of teleportation
 h - 7 scrolls of identify {unknown}
 k - 2 scrolls of enchant armour {unknown}
 n - 2 scrolls of magic mapping {unknown}
 q - a scroll of blinking {unknown}
 w - a scroll of fear {unknown}
Potions
 f - a potion of haste {unknown}
 j - a potion of resistance
 l - a potion of magic {unknown}
 o - a potion of mutation
 s - a potion of degeneration {unknown}
 t - a potion of heal wounds
 u - a potion of attraction {unknown}
 v - a potion of invisibility {unknown}


   Skills:
 - Level 1.5 Dodging
 - Level 2.1 Stealth
 + Level 4.0 Spellcasting
 - Level 0.7 Transmutations
 * Level 7.8 Earth Magic


You had 12 spell levels left.
You knew the following spells:

 Your Spells              Type           Power        Failure   Level
a - Sandblast             Erth           70%          1%          1

Your spell library contained the following spells:

 Spells                   Type           Power        Failure   Level
 Passwall                 Tmut/Erth      17%          3%          2
 Stone Arrow              Conj/Erth      38%          8%          3
 Lee's Rapid Deconstruct  Erth           17%          14%         5
 Petrify                  Tmut/Erth      21%          22%         4


Dungeon Overview and Level Annotations

Branches:
Dungeon (4/15)              Sewer (visited)         Ossuary (1/1)
 Temple: D:4-7

Altars:
Cheibriados
Nemelex Xobeh
Ru


Innate Abilities, Weirdness & Mutations

You are resistant to torment.
Your stone body is resilient. (AC +4)
You are immune to poison.
You resist negative energy. (rN+)
You are resistant to electric shocks. (rElec)
You can survive without breathing.
You are immune to petrification.
You are immune to miasma.
Your skin changes colour to match your surroundings (Stealth+).
Your mind is acute. (Int +2)
Your flesh is cold resistant. (rC+)
You are weak. (Str -2)


Message History

You feel better. The mummy hits you but does no damage.
You barely miss the mummy.
The mummy is heavily damaged.
You barely miss the mummy.
The mummy is heavily damaged.
The mummy hits you!
Ouch! That really hurt!
The mummy misses you.
Casting: Sandblast (safe; 1% risk of failure)
Confirm with . or Enter, or press ? or * to list all spells.
Okay, then.
It was a potion of heal wounds.
You feel much better. The mummy barely misses you. The mummy hits you!
You completely miss the mummy.
The mummy is heavily damaged.
The mummy hits you!
Ouch! That really hurt!
* * * LOW HITPOINT WARNING * * *
The mummy hits you!
You die...

#...... ..........
#.....# ..........
#..... ..........
#.... ..........
#... ..........
#..# ..........
#M.# ........ZZZ
#@.# ........ZZ∩Z
#M.# ..........ZZZ
#..#............Z.
#.................
#.....##..........
#.....# ..........
#.................
#.Z...............
####.....


You could see 2 mummies and a jackal zombie (wandering).

Vanquished Creatures
  Purgy (Sewer)
  An orc priest (D:4)
  An orc wizard (D:4)
  An iguana (D:4)
  A worker ant (D:4)
  A hound zombie (Ossuary)
  A mummy (D:4)
  10 adders
  2 worms (D:3)
  2 dart slugs
  A leopard gecko (D:3)
  8 orcs
  11 bats
  7 giant cockroaches
  10 goblins
  8 hobgoblins
  9 jackals
  A ball python (D:3)
  6 frilled lizards
  8 kobolds
  A kobold zombie (Ossuary)
  5 rats
96 creatures vanquished.

Notes
Turn   | Place    | Note
-------+----------+-------------------------------------------
     0 | D:1      | azarias the Gargoyle Earth Elementalist began the quest for
                  | the Orb.
     0 | D:1      | Reached XP level 1. HP: 10/10 MP: 3/3
   333 | D:1      | Reached skill level 4 in Earth Magic
   364 | D:1      | Reached XP level 2. HP: 12/15 MP: 1/5
  1605 | D:2      | Reached XP level 3. HP: 19/19 MP: 4/6
  2215 | D:2      | Reached skill level 5 in Earth Magic
  2938 | D:3      | Reached XP level 4. HP: 24/24 MP: 3/8
  3891 | D:3      | Found a sacrificial altar of Ru.
  3894 | D:3      | Reached XP level 5. HP: 27/28 MP: 9/9
  3898 | D:3      | Found a sparkling altar of Nemelex Xobeh.
  3898 | D:3      | Found a snail-covered altar of Cheibriados.
  4227 | D:3      | Reached skill level 6 in Earth Magic
  4491 | D:4      | Found a glowing drain.
  4611 | Sewer    | Entered a sewer
  4678 | Sewer    | Noticed Purgy
  4686 | Sewer    | Killed Purgy
  4687 | Sewer    | Reached skill level 7 in Earth Magic
  4687 | Sewer    | Reached XP level 6. HP: 32/32 MP: 6/11
  4828 | D:4      | Found a sand-covered staircase.
  4839 | Ossuary  | Entered an ossuary
  4858 | Ossuary  | Gained mutation: Your skin changes colour to match your
                  | surroundings (Stealth+). [potion of mutation]
  4858 | Ossuary  | Gained mutation: You are weak. (Str -2) [potion of
                  | mutation]
  4858 | Ossuary  | Gained mutation: Your flesh is cold resistant. (rC+)
                  | [potion of mutation]
  4858 | Ossuary  | Gained mutation: Your mind is acute. (Int +2) [potion of
                  | mutation]
  4865 | Ossuary  | Mangled by a mummy

Illustrated notes

Levels and vault maps discovered:
D:1:      minmay_arrival_jagged, layout_basic, minmay_fountain_box
D:2:      layout_loops_ring
D:3:      layout_loops_ring, chequers_temple_overflow_statue_of_worship,
          minmay_misc_feat_alley
D:4:      layout_layer_cave, nicolae_ossuary_entry_giza, gup_sewer_entry_glass,
          minmay_misc_feat_x
Ossuary:  ossuary_minmay_tomb_2a

Skill      XL: |  1  2  3  4  5  6 |
---------------+-------------------+-----
Earth Magic    | 4 5 7 |  7.8
Spellcasting   | 3 4 |  4.0
Dodging        | |  1.5
Stealth        | |  2.1
Transmutations | |  0.7

Action                   |  1- 3 |  4- 6 || total
-------------------------+-------+-------++-------
Melee: Club              |    59 |       ||    59
       Unarmed           |     6 |       ||     6
       Mace              |    22 |   110 ||   132
 Cast: Sandblast         |    36 |    60 ||    96
  Use: Potion            |       |     5 ||     5
       Scroll            |       |     1 ||     1
 Stab: Sleeping          |     3 |     3 ||     6
Armor: Robe              |    54 |    81 ||   135
Dodge: Dodged            |    78 |   120 ||   198
